[Event "December 5 Early 2023"]
[Site "https://www.chess.com"]
[Date "2023.12.05"]
[Round "1"]
[White "Kovalevsky, Stanislav"]
[Black "Rakhmanov, Aleksandr"]
[Result "0-1"]
[Board "46"]
[TimeControl "180+1"]
[WhiteFideId "13508598"]
[BlackFideId "4173708"]
[WhiteElo "2488"]
[BlackElo "2907"]
[WhiteTeam "FID"]
[BlackTeam "FID"]
[WhiteClock "0:00:04"]
[BlackClock "0:00:05"]

1. e4 c5 2. c3 e6 3. d4 d5 4. exd5 exd5 5. Nf3 Nc6 6. Be3 cxd4 7. Nxd4 Bd6 8. Bb5 Ne7 9. O-O O-O 10. Nd2 a6 11. Ba4 Nf5 12. Nxc6 bxc6 13. Bxc6 Bxh2+ 14. Kxh2 Qd6+ 15. Kg1 Qxc6 16. Bf4 d4 17. Rc1 Qg6 18. Qf3 Ra7 19. Nb3 Bb7 20. Qh3 d3 21. Nc5 Rd8 22. Rcd1 h5 23. Nxd3 Raa8 24. Ne5 Qh7 25. Rfe1 Rxd1 26. Rxd1 Re8 27. Nf3 Qg6 28. Ng5 f6 29. Nf3 Re4 30. Bh2 Bc6 31. b3 Rg4 32. Ne1 Nh4 33. Bg3 Nf5 34. Bh2 Kh7 35. c4 Re4 36. Nf3 Rg4 37. Ne1 Nd4 38. Rd3 Re4 39. Re3 Rxe3 40. fxe3 Nf5 41. Nf3 Nh6 42. Bf4 Qb1+ 43. Kh2 Ng4+ 44. Kg3 Qg6 45. Nh4 Qc2 46. Nf3 Qf2# 0-1

[Event "December 5 Early 2023"]
[Site "https://www.chess.com"]
[Date "2023.12.05"]
[Round "1"]
[White "Vasquez Schroeder, Rodrigo"]
[Black "Kopczynski, Michal"]
[Result "1-0"]
[Board "47"]
[TimeControl "180+1"]
[WhiteFideId "3400042"]
[BlackFideId "1124200"]
[WhiteElo "2906"]
[BlackElo "2486"]
[WhiteTeam "CHI"]
[BlackTeam "POL"]
[WhiteClock "0:00:05"]
[BlackClock "0:00:00"]

1. e4 b6 2. d4 Bb7 3. Bd3 e6 4. Nf3 Nf6 5. Qe2 d5 6. Nbd2 c5 7. dxc5 Bxc5 8. e5 Nfd7 9. Nb3 Be7 10. h4 Nc6 11. c3 Qc7 12. Bf4 O-O-O 13. Nbd4 Rde8 14. O-O h6 15. Nb5 Qd8 16. h5 Nc5 17. Bc2 a6 18. Nbd4 Ne4 19. Nxc6 Bxc6 20. Nd4 Bb7 21. f3 Nc5 22. b4 Nd7 23. Bd3 Nb8 24. Rac1 Bg5 25. Bxg5 Qxg5 26. c4 Kd8 27. c5 Kd7 28. cxb6 Rc8 29. f4 Qg3 30. Nb3 Rxc1 31. Rxc1 Rc8 32. Nc5+ Ke7 33. Qf2 Qg4 34. Be2 Qf5 35. g4 Qh7 36. Bd3 Qg8 37. f5 Qd8 38. f6+ Kf8 39. fxg7+ Kxg7 40. Rf1 Qe7 41. Qe3 Nc6 42. Nxb7 Qxb7 43. Rf6 Rh8 44. g5 hxg5 45. Qxg5+ Kf8 46. Bg6 Qxb6+ 47. Kg2 Nd8 48. Rf4 Rg8 49. Qf6 Ke8 50. Rf2 fxg6 51. h6 Qc7 52. a4 Qf7 53. Qg5 Qe7 54. Rf6 Nf7 55. h7 Rh8 56. Qxg6 Kd7 57. Rxf7 1-0

[Event "December 5 Early 2023"]
[Site "https://www.chess.com"]
[Date "2023.12.05"]
[Round "1"]
[White "Filali, Razzouki Marouane"]
[Black "Zhigalko, Sergei"]
[Result "0-1"]
[Board "48"]
[TimeControl "180+1"]
[WhiteFideId "9003720"]
[BlackFideId "13502956"]
[WhiteElo "2485"]
[BlackElo "2906"]
[WhiteTeam "MAR"]
[BlackTeam "BLR"]
[WhiteClock "0:00:01"]
[BlackClock "0:00:04"]

1. e4 c5 2. Nf3 Nc6 3. d4 cxd4 4. Nxd4 Nf6 5. Nc3 e5 6. Ndb5 d6 7. Nd5 Nxd5 8. exd5 Nb8 9. c4 Be7 10. c5 O-O 11. cxd6 Bxd6 12. Nxd6 Qxd6 13. Be2 Nd7 14. O-O Nf6 15. Bc4 Rd8 16. Bg5 h6 17. Bh4 Bf5 18. Qf3 Bg6 19. Rfe1 Rac8 20. Bb3 Re8 21. Bg3 Nh5 22. Rad1 Nxg3 23. Qxg3 a6 24. Re3 Re7 25. Rde1 Rce8 26. h4 Kh8 27. f3 Bf5 28. Qf2 f6 29. g4 Bg6 30. Qg3 b5 31. R3e2 a5 32. a3 a4 33. Ba2 b4 34. axb4 Qxb4 35. g5 Bd3 36. Re3 Bf5 37. R3e2 Rc8 38. Rg2 Bh7 39. Kh2 Rf8 40. gxh6 gxh6 41. d6 Qxd6 42. Ree2 Qc7 43. Re3 f5 44. Ree2 f4 45. Qg4 e4 46. Rc2 Qe5 47. Rgf2 e3 48. Rfe2 Rg7 49. Qh3 Bf5 50. Qf1 Bxc2 51. Rxc2 Qf5 52. Rc6 Rf6 53. Rc8+ Qxc8 54. Qd1 Qf8 55. Qd5 Rfg6 56. Kh1 Rg1+ 57. Kh2 e2 58. Qc6 R1g2+ 59. Kh1 e1=Q# 0-1

[Event "December 5 Early 2023"]
[Site "https://www.chess.com"]
[Date "2023.12.05"]
[Round "1"]
[White "Sychev, Klementy"]
[Black "Devaev, Alexander"]
[Result "0-1"]
[Board "49"]
[TimeControl "180+1"]
[WhiteFideId "4114060"]
[BlackFideId "4169395"]
[WhiteElo "2901"]
[BlackElo "2485"]
[WhiteTeam "FID"]
[BlackTeam "RUS"]
[WhiteClock "0:00:00"]
[BlackClock "0:00:13"]

1. e4 c6 2. c4 d5 3. cxd5 cxd5 4. exd5 Qxd5 5. Nc3 Qd6 6. d4 e6 7. Nf3 Nf6 8. Bc4 Be7 9. O-O O-O 10. Nb5 Qd8 11. Bf4 Nc6 12. Rc1 a6 13. Nc3 b5 14. Bb3 Na5 15. Bc2 Bb7 16. Re1 Rc8 17. Ne5 Nc4 18. Nxc4 Rxc4 19. Be5 Nd7 20. Bg3 Nf6 21. Be5 Bb4 22. Qd3 g6 23. Bb3 Rc8 24. a3 Be7 25. Qg3 Qd7 26. h3 Qd8 27. Rcd1 Nh5 28. Qd3 Nf6 29. Qe2 Nd7 30. Bf4 Nb6 31. Bh6 Re8 32. Bxe6 Bg5 33. Bxg5 Qxg5 34. f4 Qf6 35. d5 fxe6 36. dxe6 Nc4 37. Rd7 Bc6 38. Ne4 Qxf4 0-1

[Event "December 5 Early 2023"]
[Site "https://www.chess.com"]
[Date "2023.12.05"]
[Round "1"]
[White "Grochal, Joey"]
[Black "Baskakov, Egor"]
[Result "0-1"]
[Board "50"]
[TimeControl "180+1"]
[WhiteFideId "1019945"]
[BlackFideId "24197866"]
[WhiteElo "2485"]
[BlackElo "2899"]
[WhiteTeam "NED"]
[BlackTeam "RUS"]
[WhiteClock "0:00:01"]
[BlackClock "0:00:21"]

1. e4 c5 2. Nf3 Nf6 3. Nc3 d5 4. exd5 Nxd5 5. Bc4 Nb6 6. Bb5+ Bd7 7. O-O Nc6 8. d4 cxd4 9. Nxd4 g6 10. Nxc6 Bxc6 11. Bxc6+ bxc6 12. Qf3 Qc8 13. Re1 Bg7 14. Bg5 f6 15. Be3 e5 16. Rad1 O-O 17. Rd6 c5 18. Rc6 Qd7 19. Bxc5 Rfd8 20. Rd1 Qf7 21. Bxb6 axb6 22. Rxb6 f5 23. g3 e4 24. Qe2 Bd4 25. Rb4 Bxc3 26. Rxd8+ Rxd8 27. bxc3 Qxa2 28. Kg2 Rc8 29. Rb7 Qd5 30. Qa6 e3+ 31. f3 Re8 32. Rb1 Qd2+ 33. Kh3 e2 34. Qc4+ Kh8 35. Rb7 Qh6+ 36. Kg2 e1=Q 37. Qd4+ Qe5 38. Qxe5+ Rxe5 0-1

[Event "December 5 Early 2023"]
[Site "https://www.chess.com"]
[Date "2023.12.05"]
[Round "1"]
[White "Harutjunyan, Gevorg"]
[Black "Sreyas Payyappat"]
[Result "1-0"]
[Board "51"]
[TimeControl "180+1"]
[WhiteFideId "13300873"]
[BlackFideId "46674969"]
[WhiteElo "2883"]
[BlackElo "2483"]
[WhiteTeam "ARM"]
[BlackTeam "IND"]
[WhiteClock "0:00:43"]
[BlackClock "0:00:13"]

1. e4 c6 2. d3 d5 3. Nf3 dxe4 4. dxe4 Qxd1+ 5. Kxd1 Bg4 6. Be2 Nd7 7. Ne1 h5 8. f3 Be6 9. Bf4 O-O-O 10. Nd2 Ngf6 11. h4 Nc5 12. Nd3 Nxd3 13. Bxd3 g6 14. Ke2 Bg7 15. a4 Nd7 16. c3 Nc5 17. Bc2 a5 18. Be3 Na6 19. Bb6 Rd6 20. Bd3 c5 21. Bxa5 c4 22. Nxc4 Rxd3 23. Nb6+ Kb8 24. Kxd3 Nc5+ 25. Ke3 Nb3 26. Bb4 Nxa1 27. Rxa1 Rd8 28. Bxe7 Bh6+ 29. f4 Re8 30. Bd6+ Ka7 31. a5 Bf5 32. Ra4 Ka6 33. Nd5 Kb5 34. Rb4+ Kxa5 35. Bc7+ Ka6 36. Bb6 1-0

[Event "December 5 Early 2023"]
[Site "https://www.chess.com"]
[Date "2023.12.05"]
[Round "1"]
[White "Mekhane, Adam"]
[Black "Neiksans, Arturs"]
[Result "0-1"]
[Board "52"]
[TimeControl "180+1"]
[WhiteFideId "36050601"]
[BlackFideId "11601388"]
[WhiteElo "2483"]
[BlackElo "2882"]
[WhiteTeam "FRA"]
[BlackTeam "LAT"]
[WhiteClock "0:00:11"]
[BlackClock "0:00:12"]

1. e4 c5 2. Nf3 e6 3. d4 cxd4 4. Nxd4 a6 5. g3 d5 6. Nb3 dxe4 7. Qxd8+ Kxd8 8. N1d2 f5 9. f3 exf3 10. Nxf3 Nc6 11. Bf4 Nf6 12. O-O-O+ Ke8 13. Bg2 Nd5 14. Bd2 Be7 15. Rhe1 h6 16. Nbd4 Bf6 17. Nxf5 Bd7 18. N3h4 Kd8 19. Ng6 Rg8 20. Kb1 Kc7 21. Ne3 Nxe3 22. Bxe3 Rge8 23. Nf4 Rad8 24. Rd2 Bc8 25. Red1 Rxd2 26. Rxd2 g5 27. Ne2 Ne5 28. Rd4 Bd7 29. Nc3 Bc6 30. Bxc6 Nxc6 31. Rd2 Bxc3 32. bxc3 Rd8 33. Rxd8 Kxd8 34. h4 gxh4 35. gxh4 h5 36. Kc1 Ne5 37. Bg5+ Kd7 38. Kd2 Kd6 39. Ke3 Kd5 40. Bf6 Ng6 41. Bg5 e5 42. Kd3 b5 43. a3 e4+ 44. Ke3 Ne5 45. Bd8 Nc4+ 46. Kf4 Nxa3 47. Kg5 e3 48. Bb6 Nc4 49. Bxe3 Nxe3 50. Kxh5 Nf5 51. Kg4 Nxh4 52. Kxh4 Kc4 53. Kg3 Kxc3 54. Kf2 Kxc2 55. Ke1 a5 56. Ke2 a4 57. Ke3 a3 0-1

[Event "December 5 Early 2023"]
[Site "https://www.chess.com"]
[Date "2023.12.05"]
[Round "1"]
[White "Gokerkan, Cem Kaan"]
[Black "Iljin, Timofey"]
[Result "1-0"]
[Board "53"]
[TimeControl "180+1"]
[WhiteFideId "6336760"]
[BlackFideId "14110180"]
[WhiteElo "2881"]
[BlackElo "2481"]
[WhiteTeam "TUR"]
[BlackTeam "UKR"]
[WhiteClock "0:00:08"]
[BlackClock "0:00:08"]

1. e4 c5 2. c3 Nf6 3. e5 Nd5 4. d4 cxd4 5. Bc4 e6 6. cxd4 Nb6 7. Bb3 d5 8. Nf3 Be7 9. O-O O-O 10. Nc3 a6 11. Bf4 Nc4 12. Qe2 b5 13. a4 b4 14. Nd1 a5 15. Ne3 Nxe3 16. Qxe3 Ba6 17. Rfc1 Nd7 18. Nd2 Nb6 19. Bc2 Qd7 20. b3 Rfc8 21. Bd3 Bxd3 22. Qxd3 Rc7 23. Qb5 Qxb5 24. axb5 Rxc1+ 25. Rxc1 g5 26. Be3 a4 27. bxa4 Rxa4 28. Kf1 Nc4 29. Ke1 g4 30. Kd1 Ra2 31. Nxc4 dxc4 32. Rxc4 b3 33. Rc1 Ra5 34. b6 Rb5 35. d5 exd5 36. Rb1 Kg7 37. Ke2 h5 38. Kd3 b2 39. Kc2 Ba3 40. Bd4 Rb4 41. Bc3 Rc4 42. b7 d4 43. b8=Q Rxc3+ 44. Kd2 Rc4 45. e6 Bb4+ 46. Kd3 Rc3+ 47. Kxd4 fxe6 48. Qxb4 Rc7 49. Qd6 Kg6 50. Qxc7 Kg5 51. Qe5+ Kh4 52. g3+ Kh3 53. Qxh5+ Kg2 54. Qxg4 e5+ 55. Ke3 e4 56. Qxe4+ Kxh2 57. Rh1# 1-0

[Event "December 5 Early 2023"]
[Site "https://www.chess.com"]
[Date "2023.12.05"]
[Round "1"]
[White "Sroczynski, Maciej"]
[Black "Bardyk, Artem"]
[Result "0-1"]
[Board "54"]
[TimeControl "180+1"]
[WhiteFideId "1121472"]
[BlackFideId "34349979"]
[WhiteElo "2481"]
[BlackElo "2875"]
[WhiteTeam "POL"]
[BlackTeam "RUS"]
[WhiteClock "0:00:00"]
[BlackClock "0:00:05"]

1. d4 d5 2. c4 e6 3. Nf3 Nf6 4. Nc3 c5 5. cxd5 Nxd5 6. e4 Nxc3 7. bxc3 cxd4 8. cxd4 Bb4+ 9. Bd2 Bxd2+ 10. Qxd2 O-O 11. Bc4 Nd7 12. O-O b6 13. a4 Bb7 14. Qe2 Nf6 15. Bd3 Rc8 16. a5 bxa5 17. Rfb1 Ba8 18. Rb5 Rc7 19. Rbxa5 Qe7 20. h3 Rfc8 21. Qe3 h6 22. Qf4 Rd8 23. g4 Rcd7 24. g5 hxg5 25. Rxg5 g6 26. Qe5 Nh7 27. Rg3 Qf6 28. Qc5 e5 29. d5 Qe7 30. Qe3 Nf6 31. Ra6 Nh5 32. Rg5 Rd6 33. Rxe5 Qf6 34. Rxa7 Nf4 35. Kh2 Rb6 36. Rg5 Rb3 37. e5 Qb6 38. Qxb6 Rxb6 39. Be4 Bxd5 40. Bxd5 Rxd5 41. Ra8+ Kg7 42. Rg4 Ne6 43. Ra7 Rb3 44. Ng5 Nxg5 45. Rxg5 Rd2 46. Rg2 Re2 47. Ra5 Rbb2 48. Kg3 Rb3+ 49. f3 Ree3 50. Rf2 Rb1 51. Kf4 Reb3 52. Ra7 Rb4+ 53. Kg3 Kf8 54. f4 R4b3+ 55. Kg4 Rg1+ 56. Kh4 Rgg3 57. f5 Rxh3+ 58. Kg5 Rh5+ 59. Kf6 Rb6+ 60. e6 Rxf5+ 61. Rxf5 Rxe6+ 62. Kg5 gxf5 63. Kxf5 Rb6 64. Ra6 Rxa6 0-1

[Event "December 5 Early 2023"]
[Site "https://www.chess.com"]
[Date "2023.12.05"]
[Round "1"]
[White "Kazakouski, Valery"]
[Black "Balint, Vilmos"]
[Result "1-0"]
[Board "55"]
[TimeControl "180+1"]
[WhiteFideId "13507443"]
[BlackFideId "718050"]
[WhiteElo "2875"]
[BlackElo "2480"]
[WhiteTeam "LTU"]
[BlackTeam "HUN"]
[WhiteClock "0:02:02"]
[BlackClock "0:02:18"]

1. e4 e5 2. Nf3 Nc6 3. Bc4 Nf6 4. d3 Be7 5. O-O d6 6. a4 h6 7. a5 a6 8. Re1 Bg4 9. h3 Be6 10. Nbd2 Qd7 11. c3 g5 12. b4 g4 13. hxg4 Bxg4 14. Qb3 O-O-O 15. Bxf7 Rdf8 16. Bc4 Rh7 17. Nh2 Nd8 18. Ndf1 Rg7 19. Bxh6 Rh7 20. Bxf8 Bxf8 21. b5 axb5 22. Qxb5 Qg7 23. a6 b6 24. a7 1-0

[Event "December 5 Early 2023"]
[Site "https://www.chess.com"]
[Date "2023.12.05"]
[Round "1"]
[White "Shevchuk, Olexandr"]
[Black "Shuvalova, Polina"]
[Result "0-1"]
[Board "56"]
[TimeControl "180+1"]
[WhiteFideId "14113775"]
[BlackFideId "24171760"]
[WhiteElo "2478"]
[BlackElo "2870"]
[WhiteTeam "UKR"]
[BlackTeam "RUS"]
[WhiteClock "0:00:21"]
[BlackClock "0:00:22"]

1. d4 Nf6 2. c4 e6 3. g3 d5 4. Nf3 Be7 5. Bg2 O-O 6. O-O c6 7. Qc2 b6 8. Nbd2 c5 9. cxd5 exd5 10. Rd1 Bb7 11. b3 Nbd7 12. Bb2 Rc8 13. Rac1 Re8 14. Qf5 Bf8 15. e3 g6 16. Qh3 Bg7 17. Ne5 Rc7 18. Nxd7 Nxd7 19. Nf3 Qc8 20. Rd2 h5 21. Qh4 Re4 22. Qh3 Re8 23. Qh4 Nf6 24. Ne5 Ne4 25. Rdc2 Nd6 26. Qf4 Nf5 27. Nd3 Bh6 28. Qf3 c4 29. Nf4 Bxf4 30. Qxf4 b5 31. Ba3 Rd7 32. Bc5 a5 33. Bh3 Rc7 34. Bb6 Rc6 35. Bxa5 Rf6 36. Bb4 Qc6 37. Qg5 Kg7 38. Bg2 Nd6 39. a4 Ne4 40. Qh4 Bc8 41. Be1 Bg4 42. f4 Nd6 43. axb5 Qxb5 44. bxc4 Nxc4 45. e4 Ne3 46. Rc5 Qe2 47. e5 Qxg2# 0-1

[Event "December 5 Early 2023"]
[Site "https://www.chess.com"]
[Date "2023.12.05"]
[Round "1"]
[White "Popov, Konstantin"]
[Black "1mbl4"]
[Result "1-0"]
[Board "57"]
[TimeControl "180+1"]
[WhiteFideId "34137910"]
[WhiteElo "2868"]
[BlackElo "2477"]
[WhiteTeam "FID"]
[WhiteClock "0:00:42"]
[BlackClock "0:00:05"]

1. e4 c5 2. Nf3 Nc6 3. d4 cxd4 4. Nxd4 g6 5. c4 Bg7 6. Be3 Qb6 7. Nb3 Qd8 8. Nc3 Bxc3+ 9. bxc3 Nf6 10. f3 O-O 11. c5 b6 12. cxb6 axb6 13. Qd2 d5 14. exd5 Nxd5 15. Bf2 Bb7 16. Be2 Qd6 17. c4 Nf4 18. Qxd6 exd6 19. Bf1 Nb4 20. Kd2 d5 21. Bxb6 dxc4 22. Bxc4 Nxg2 23. a3 Nd5 24. Bc5 Rfd8 25. Ke2 Rac8 26. Kf2 Nh4 27. Rhd1 Nxf3 28. Rac1 Ne5 29. Be2 Nf6 30. Rxd8+ Rxd8 31. Be7 Ne4+ 32. Ke3 Re8 33. Rc7 Ba8 34. Bb5 Rb8 35. a4 Ng4+ 36. Kf4 Ngf6 37. Ke5 Nd5 38. Ra7 Nxe7 39. Rxe7 Nc3 40. Nd4 Nd5 41. Ra7 f6+ 42. Ke6 Rd8 43. Nc6 Nf4+ 44. Ke7 Rc8 45. Kd7 Rf8 46. a5 Nd5 47. Kd6 Nf4 48. a6 Bxc6 49. Bxc6 Rd8+ 50. Rd7 Rc8 51. a7 Rxc6+ 52. Kxc6 g5 53. a8=Q# 1-0

[Event "December 5 Early 2023"]
[Site "https://www.chess.com"]
[Date "2023.12.05"]
[Round "1"]
[White "Mendoza, Rodrigo"]
[Black "Kravtsiv, Martyn"]
[Result "1-0"]
[Board "58"]
[TimeControl "180+1"]
[WhiteFideId "3301931"]
[BlackFideId "14113147"]
[WhiteElo "2477"]
[BlackElo "2858"]
[WhiteTeam "BOL"]
[BlackTeam "UKR"]
[WhiteClock "0:01:04"]
[BlackClock "0:01:17"]

1. d4 d5 2. Nf3 Nf6 3. c4 e6 4. Nc3 Bb4 5. e3 O-O 6. a3 Bxc3+ 7. bxc3 c5 8. a4 Qa5 9. Bd2 Ne4 10. Bd3 Nxd2 11. Qxd2 Nd7 12. O-O Nb6 13. cxd5 exd5 14. Ne5 f6 15. Nf3 Bd7 16. Rfb1 Rac8 17. Qc2 cxd4 18. Bxh7+ Kh8 19. Qg6 Be8 20. Qf5 dxc3 21. Qh3 d4 22. Bg6+ 1-0

[Event "December 5 Early 2023"]
[Site "https://www.chess.com"]
[Date "2023.12.05"]
[Round "1"]
[White "Xu, Yi"]
[Black "Kazakov, Mikhail"]
[Result "1-0"]
[Board "59"]
[TimeControl "180+1"]
[WhiteFideId "8605564"]
[BlackFideId "14102749"]
[WhiteElo "2854"]
[BlackElo "2476"]
[WhiteTeam "CHN"]
[BlackTeam "UKR"]
[WhiteClock "0:00:34"]
[BlackClock "0:00:00"]

1. e4 d6 2. d4 Nf6 3. Nc3 g6 4. f4 Bg7 5. Bd3 O-O 6. Nf3 Nc6 7. e5 dxe5 8. fxe5 Ng4 9. Ne2 Nb4 10. Bc4 c5 11. h3 Nh6 12. c3 Nc6 13. Bf4 cxd4 14. cxd4 Na5 15. Bd3 Be6 16. O-O Nc6 17. Be4 Bd5 18. Bxd5 Qxd5 19. Qd2 Nf5 20. g4 Nfxd4 21. Nexd4 Rad8 22. Nxc6 Qxc6 23. Qe3 Qc2 24. Rf2 Rd1+ 25. Rxd1 Qxd1+ 26. Kg2 Qd5 27. Qxa7 f6 28. exf6 Bxf6 29. Bh6 Rc8 30. Qa3 Qe4 31. Qb3+ Kh8 32. Qe3 Qd5 33. g5 1-0

[Event "December 5 Early 2023"]
[Site "https://www.chess.com"]
[Date "2023.12.05"]
[Round "1"]
[White "Kaplan, Avi Harrison"]
[Black "Bachmann, Axel"]
[Result "1/2-1/2"]
[Board "60"]
[TimeControl "180+1"]
[WhiteFideId "30934559"]
[BlackFideId "3700488"]
[WhiteElo "2476"]
[BlackElo "2847"]
[WhiteTeam "USA"]
[BlackTeam "PAR"]
[WhiteClock "0:02:24"]
[BlackClock "0:02:23"]

1. e4 Nc6 2. Nf3 d6 3. c3 Nf6 4. d3 e5 5. Nbd2 g6 6. Be2 Bg7 7. Qc2 O-O 8. b4 a6 9. a4 d5 10. O-O Re8 11. h3 h6 12. Rd1 Be6 1/2-1/2

[Event "December 5 Early 2023"]
[Site "https://www.chess.com"]
[Date "2023.12.05"]
[Round "1"]
[White "Movsesian, Sergei"]
[Black "Tan, Jonathan"]
[Result "1-0"]
[Board "61"]
[TimeControl "180+1"]
[WhiteFideId "310204"]
[BlackFideId "5200482"]
[WhiteElo "2840"]
[BlackElo "2474"]
[WhiteTeam "ARM"]
[BlackTeam "PHI"]
[WhiteClock "0:01:09"]
[BlackClock "0:01:34"]

1. Nf3 Nf6 2. g3 g6 3. Bg2 Bg7 4. O-O O-O 5. c4 c5 6. Nc3 Nc6 7. a3 d5 8. cxd5 Nxd5 9. h3 e5 10. d3 Be6 11. Ng5 Nxc3 12. Nxe6 Nxd1 13. Nxd8 Raxd8 14. Rxd1 Nd4 15. Kf1 Nb3 16. Rb1 Nxc1 17. Rdxc1 b6 18. b4 cxb4 19. axb4 Rc8 20. b5 Rc5 21. Rxc5 bxc5 22. Ra1 Rb8 23. Bc6 e4 24. Rxa7 exd3 25. exd3 Rd8 26. b6 Be5 27. Bb5 Rb8 28. b7 Kf8 29. Bc4 Ke7 30. Ke2 Kd6 31. Bxf7 Kc6 32. Ke3 Bd4+ 33. Ke4 Kb6 34. Ra2 Rxb7 35. Bg8 Rg7 36. Bc4 Re7+ 37. Kd5 Re8 38. h4 Rd8+ 39. Ke6 Rf8 40. f4 Re8+ 41. Kf7 Re3 42. Rg2 Kc7 43. Kg8 Re7 44. g4 Kd8 45. Ra2 Re8+ 46. Kxh7 Rh8+ 47. Kxg6 Rxh4 48. Kf5 Rh1 49. g5 Rf1 50. Ra8+ Ke7 51. Ra7+ Kd6 52. Rf7 Be3 53. Ke4 Bd4 54. g6 Rg1 55. Kf5 Rg3 56. Ra7 Rg1 57. Ra6+ Ke7 58. Ke4 Re1+ 59. Kf3 Rg1 60. f5 Rg5 61. f6+ Kd7 62. g7 Bxf6 63. g8=Q 1-0

[Event "December 5 Early 2023"]
[Site "https://www.chess.com"]
[Date "2023.12.05"]
[Round "1"]
[White "Shishkov, Andrei"]
[Black "Kuzubov, Yuriy"]
[Result "0-1"]
[Board "62"]
[TimeControl "180+1"]
[WhiteFideId "4500563"]
[BlackFideId "14112906"]
[WhiteElo "2474"]
[BlackElo "2838"]
[WhiteTeam "EST"]
[BlackTeam "UKR"]
[WhiteClock "0:00:07"]
[BlackClock "0:00:45"]

1. d4 Nf6 2. c4 e6 3. Nc3 Bb4 4. Qc2 d5 5. cxd5 exd5 6. Bf4 Nc6 7. e3 Nh5 8. Bg3 g6 9. Bd3 O-O 10. Ne2 Nxg3 11. hxg3 Ne7 12. a3 Bd6 13. Nb5 c6 14. Nxd6 Qxd6 15. Rc1 Kg7 16. Qc5 Qf6 17. Nf4 Bf5 18. b4 a6 19. Qc2 Rh8 20. f3 h5 21. Kf2 Qg5 22. Rh4 Bxd3 23. Qxd3 Nf5 24. Rh3 Rae8 25. Re1 h4 26. gxh4 Rxh4 27. Reh1 Rxh3 28. Rxh3 Rxe3 29. Qxe3 Nxe3 30. Kxe3 a5 31. bxa5 Qe7+ 32. Kf2 Qxa3 33. Kg3 Qxa5 34. Rh1 Qd2 0-1

[Event "December 5 Early 2023"]
[Site "https://www.chess.com"]
[Date "2023.12.05"]
[Round "1"]
[White "Gharibyan, Mamikon"]
[Black "Mazurkiewicz, Michal"]
[Result "1-0"]
[Board "63"]
[TimeControl "180+1"]
[WhiteFideId "13308300"]
[BlackFideId "1124943"]
[WhiteElo "2835"]
[BlackElo "2474"]
[WhiteTeam "ARM"]
[BlackTeam "POL"]
[WhiteClock "0:00:44"]
[BlackClock "0:00:00"]

1. e4 d6 2. d4 Nf6 3. Bd3 e5 4. Nf3 Nbd7 5. O-O Be7 6. Re1 O-O 7. Nc3 c6 8. a4 a5 9. h3 Re8 10. Bc4 exd4 11. Qxd4 Ne5 12. Nxe5 dxe5 13. Qxe5 Bb4 14. Qg3 Bxc3 15. bxc3 Rxe4 16. Bh6 Qf8 17. Bd3 Rxe1+ 18. Rxe1 Be6 19. Be3 c5 20. c4 b6 21. Qc7 Nd7 22. Bf4 Rc8 23. Qb7 Re8 24. Re3 h6 25. Rxe6 Rxe6 26. Qxd7 Re1+ 27. Kh2 Qe7 28. Qc8+ Qf8 29. Bh7+ Kxh7 30. Qxf8 1-0

[Event "December 5 Early 2023"]
[Site "https://www.chess.com"]
[Date "2023.12.05"]
[Round "1"]
[White "NovakRatko"]
[Black "Bacrot, Etienne"]
[Result "1/2-1/2"]
[Board "64"]
[TimeControl "180+1"]
[BlackFideId "605506"]
[WhiteElo "2473"]
[BlackElo "2833"]
[BlackTeam "FRA"]
[WhiteClock "0:01:49"]
[BlackClock "0:00:08"]

1. d4 d5 2. c4 e6 3. cxd5 exd5 4. Nc3 c6 5. f3 Bb4 6. a3 Bxc3+ 7. bxc3 Nd7 8. a4 Ne7 9. Bg5 h6 10. Bh4 O-O 11. e3 Re8 12. Qd2 Qa5 13. Bd3 Nb6 14. Ne2 Bf5 15. e4 Bh7 16. e5 Bxd3 17. Qxd3 Nxa4 18. O-O Qb5 19. Qc2 Qb2 20. Qd3 Qb5 21. Qc2 Qb2 22. Qd3 Qb5 1/2-1/2

[Event "December 5 Early 2023"]
[Site "https://www.chess.com"]
[Date "2023.12.05"]
[Round "1"]
[White "Klukin, Kirill"]
[Black "Tabuenca Mendataurigoitia, Daniel"]
[Result "1-0"]
[Board "65"]
[TimeControl "180+1"]
[WhiteFideId "24199273"]
[BlackFideId "24563617"]
[WhiteElo "2832"]
[BlackElo "2473"]
[WhiteTeam "RUS"]
[BlackTeam "ESP"]
[WhiteClock "0:01:15"]
[BlackClock "0:00:02"]

1. e4 Nc6 2. Nf3 d6 3. Bc4 Nf6 4. Nc3 g6 5. h3 Bg7 6. d4 O-O 7. O-O Nxe4 8. Bxf7+ Rxf7 9. Nxe4 h6 10. c3 Bf5 11. Re1 Bxe4 12. Rxe4 e5 13. dxe5 dxe5 14. Qxd8+ Rxd8 15. Be3 a6 16. Re1 g5 17. h4 gxh4 18. Rxh4 Rd6 19. Rg4 Kh7 20. Nd2 Rg6 21. Rxg6 Kxg6 22. Kf1 Rd7 23. Ke2 b6 24. Rh1 Ne7 25. Ne4 Nf5 26. Bc1 Nd6 27. Nd2 h5 28. Nf1 Nf5 29. Ne3 Nxe3 30. Bxe3 c5 31. Kf3 Bh6 32. Bxh6 Kxh6 33. g4 Rd2 34. Rxh5+ Kg6 35. Rxe5 Rxb2 36. Re6+ Kf7 37. Rc6 Rxa2 38. Rxb6 Ra3 39. Ke4 Rxc3 40. Rxa6 c4 41. f4 Rb3 42. Rc6 c3 43. g5 Rb4+ 44. Kf5 Rb5+ 45. Kg4 Rb3 46. f5 Kg7 47. Rc7+ Kf8 48. Kh5 Kg8 49. f6 c2 50. Rxc2 Rb8 51. Kg6 Rf8 52. Rc7 Rd8 53. Kh6 Rf8 54. Rg7+ Kh8 55. Rh7+ Kg8 56. f7+ Rxf7 57. Rxf7 Kxf7 58. Kh7 1-0

[Event "December 5 Early 2023"]
[Site "https://www.chess.com"]
[Date "2023.12.05"]
[Round "1"]
[White "Manukyan, Sargis V."]
[Black "Finek, Vaclav"]
[Result "0-1"]
[Board "66"]
[TimeControl "180+1"]
[WhiteFideId "13303465"]
[BlackFideId "23718293"]
[WhiteElo "2471"]
[BlackElo "2831"]
[WhiteTeam "ARM"]
[BlackTeam "CZE"]
[WhiteClock "0:00:11"]
[BlackClock "0:00:07"]

1. d4 d5 2. Nf3 Nf6 3. c4 c6 4. Nc3 e6 5. cxd5 exd5 6. Bg5 Be7 7. Qc2 h6 8. Bh4 O-O 9. e3 Nbd7 10. Bd3 Re8 11. O-O Nf8 12. h3 Bd6 13. Rab1 a5 14. a3 Ne6 15. Ne5 Be7 16. b4 axb4 17. axb4 Nf8 18. Rfd1 N6d7 19. Bg3 Nxe5 20. Bxe5 Bd6 21. Bxd6 Qxd6 22. b5 Bd7 23. bxc6 bxc6 24. Na4 Ne6 25. Nb6 Rab8 26. Nxd7 Qxd7 27. Bh7+ Kf8 28. Bf5 Kg8 29. Rdc1 Rxb1 30. Qxb1 Rc8 31. Qb6 g6 32. Bd3 Qc7 33. Qb3 Rb8 34. Qc2 Rb6 35. Bxg6 fxg6 36. Qxg6+ Ng7 37. Qxh6 Qd7 38. Qg5 Rb8 39. Qf6 Rc8 40. g4 Qe6 41. Qg5 Rf8 42. Qe5 Qxe5 43. dxe5 Rc8 44. f4 c5 45. f5 Kf7 46. Kf2 c4 47. Kf3 Rc5 48. Rc3 Ne8 49. g5 Nc7 50. g6+ Kg7 51. h4 Nb5 52. Rc1 c3 53. Kf4 d4 54. exd4 Nxd4 55. Ke4 Nc6 56. e6 Kf6 57. h5 c2 58. h6 Re5+ 59. Kd3 Rxf5 60. h7 Rh5 61. Kxc2 Kxg6 62. Kd3 Ne7 63. Rc7 Rxh7 64. Ke4 Kf6 65. Kd4 Rh4+ 66. Kc5 Kxe6 67. Kb6 Rh5 68. Rc5 Nd5+ 69. Kc6 Re5 70. Kb5 Kd6 71. Rc1 Nc7+ 72. Kb6 Rb5+ 73. Ka7 Rb2 74. Rd1+ Nd5 75. Ka6 Rb3 76. Ka5 Rb2 77. Ka4 Kc5 78. Ka3 Rb8 79. Rc1+ Kd4 80. Rd1+ Kc4 81. Rc1+ Nc3 82. Rh1 Rb3# 0-1

[Event "December 5 Early 2023"]
[Site "https://www.chess.com"]
[Date "2023.12.05"]
[Round "1"]
[White "Molina, Roberto Junio Brito"]
[Black "Mizzi, Jack"]
[Result "1-0"]
[Board "67"]
[TimeControl "180+1"]
[WhiteFideId "2109450"]
[BlackFideId "5602521"]
[WhiteElo "2830"]
[BlackElo "2470"]
[WhiteTeam "BRA"]
[BlackTeam "MLT"]
[WhiteClock "0:00:38"]
[BlackClock "0:00:01"]

1. d4 Nf6 2. Nf3 d5 3. e3 Bf5 4. Bd3 Bxd3 5. Qxd3 c6 6. Nbd2 Nbd7 7. e4 dxe4 8. Nxe4 Nxe4 9. Qxe4 Nf6 10. Qe2 e6 11. Bd2 Be7 12. O-O-O Qc8 13. Kb1 O-O 14. Rhg1 c5 15. g4 cxd4 16. Nxd4 Rd8 17. Bc1 Qc5 18. Nb3 Qb6 19. g5 Nd5 20. c4 Nb4 21. Be3 Qa6 22. a3 Qa4 23. Nc1 Nc6 24. f4 Rab8 25. Qc2 Qxc2+ 26. Kxc2 b5 27. cxb5 Rxb5 28. Rxd8+ Bxd8 29. Rd1 Rd5 30. Rxd5 exd5 31. b4 a6 32. Nb3 Kf8 33. Nc5 d4 34. Bd2 a5 35. b5 Na7 36. a4 Nc8 37. Nb7 Bc7 38. Nxa5 Nb6 39. Kb3 d3 40. Nc4 Nd7 41. a5 Ke7 42. a6 Bb8 43. Bb4+ Ke6 44. b6 Nxb6 45. Nxb6 Kf5 46. Bd2 Kg4 47. Nd7 Ba7 48. Ne5+ Kh3 49. Nc6 Bb6 50. Kc4 Kxh2 51. Kxd3 Kg3 52. Be3 Ba7 53. Nxa7 1-0